 Dungeon Sprint DCSS version 0.22-a0-429-g97ce8ef (webtiles) character file.

458 raistware the Geomancer (level 7, -3/46 HPs)
             Began as a Formicid Earth Elementalist on May 25, 2018.
             Was a Follower of Vehumet.
             Slain by an orc warrior
             ... wielding a +0 trident
              (17 damage)
             ... in the Dungeon (Sprint IX: "|||||||||||||||||||||||||||||").
             The game lasted 00:06:46 (634 turns).

raistware the Geomancer (FoEE)                       Turns: 634, Time: 00:06:47

Health: -3/46      AC:  8    Str: 12    XL:     7   Next: 27%
Magic:  4/19       EV: 13    Int: 17    God:    Vehumet [*.....]
Gold:   0          SH:  0    Dex: 11    Spells: 13/23 levels left

rFire    . . .     SeeInvis +   a - +0 dagger
rCold    . . .     Gourm    .   (no shield)
rNeg     . . .     Faith    .   c - +0 robe
rPois    .         Spirit   .   (helmet unavailable)
rElec    .         Reflect  .   q - +0 cloak
rCorr    .         Harm     .   (no gloves)
MR       .....                  r - +0 pair of boots
Stlth    ++........             (no amulet)
HPRegen  0.15/turn              s - +2 ring of protection
MPRegen  0.16/turn              t - +2 ring of protection

@: no status effects
A: permanent stasis, dig shafts and tunnels, four strong arms, antennae 3
a: Dig, Renounce Religion


You were in the Dungeon.
You worshipped Vehumet.
Vehumet was aware of your devotion.
You were not hungry.

You visited 1 branch

Inventory:

Hand Weapons
 a - a +0 dagger (weapon)
 p - a +2 scimitar of electrocution
Missiles
 b - 10 stones (quivered)
Armour
 c - a +0 robe (worn)
 q - a +0 cloak (worn)
 r - a +0 pair of boots (worn)
Jewellery
 s - a +2 ring of protection (left hand)
 t - a +2 ring of protection (right hand)
Wands
 o - a wand of acid (10)
Scrolls
 j - 2 scrolls of blinking
 m - 3 scrolls of remove curse
 n - 2 scrolls of amnesia
Potions
 e - 5 potions of curing
 f - 2 potions of heal wounds
 g - a potion of haste
 h - 2 potions of magic
 i - a potion of berserk rage
 l - a potion of invisibility
Comestibles
 d - a ration


   Skills:
 + Level 3.8 Dodging
 - Level 2.4 Stealth
 + Level 8.9 Spellcasting
 - Level 1.1 Transmutations
 + Level 13.3 Earth Magic


You had 13 spell levels left.
You knew the following spells:

 Your Spells              Type           Power        Failure   Level  Hunger
a - Sandblast             Erth           ######       1%          1    None
b - Stone Arrow           Conj/Erth      ####..       1%          3    None
c - Petrify               Tmut/Erth      ####....     4%          4    ###....
d - Passwall              Tmut/Erth      ####....     1%          2    None

Your spell library contained the following spells:

 Spells                   Type           Power        Failure   Level  Hunger
 Lee's Rapid Deconstruct  Erth           ######....   1%          5    #####..


Dungeon Overview and Level Annotations

Branches:
Dungeon (1/1)

Altars:
Cheibriados
Dithmenos
Elyvilon
Fedhas
Gozag
Hepliaklqana
Kikubaaqudgha
Makhleb
Nemelex Xobeh
Okawaru
Qazlal
Ru
Sif Muna
Trog
Uskayaw
Vehumet
Wu Jian
Xom
Yredelemnul
Zin
The Shining One
Beogh
Jiyva
Lugonu


Innate Abilities, Weirdness & Mutations

You cannot be hasted, slowed, berserked, paralysed or teleported.
You can dig through walls and to a lower floor.
Your four strong arms can wield two-handed weapons with a shield.
You have a pair of large antennae on your head. (SInv)


Message History

The stone arrow misses the orc warrior.
The stone arrow hits the orc.
You kill the orc!
Vehumet accepts your kill.
Casting: Stone Arrow (safe; 1% risk of failure)
Confirm with . or Enter, or press ? or * to list all spells.
Aiming: Stone Arrow (safe; 1% risk of failure)
Press: ? - help, Shift-Dir - straight line, f/p - orc warrior
Aim: an orc warrior, wielding a trident and wearing a chain mail (lightly wounded)
The stone arrow hits the orc warrior.
The orc warrior is severely wounded.
The orc warrior barely misses you.
Casting: Stone Arrow (safe; 1% risk of failure)
Confirm with . or Enter, or press ? or * to list all spells.
Aiming: Stone Arrow (safe; 1% risk of failure)
Press: ? - help, Shift-Dir - straight line, f/p - orc warrior
Aim: an orc warrior, wielding a trident and wearing a chain mail (severely wounded)
The stone arrow hits the orc warrior.
The orc warrior is almost dead.
The orc warrior hits you from afar with a trident!
You die... ▓▓▓▓▓▓▓▓▓▓▓▓▓▓▓▓▓▓ ▓@)oc')))..'.....+ ▓▓▓▓▓▓▓▓▓▓▓▓▓▓▓▓▓▓

You could see an orc warrior and a centaur.

Vanquished Creatures
  A yak (D)
  An orc warrior (D)
  2 ogres (D)
  A jelly (D)
  An orc wizard (D)
  An adder zombie (D)
  2 orcs (D)
  A goblin (D)
  A jackal (D)
  A bat (D)
  A frilled lizard (D)
  A rat (D)
14 creatures vanquished.

Notes
Turn   | Place    | Note
-------+----------+-------------------------------------------
     0 | D        | raistware the Formicid Earth Elementalist began the quest for the Orb.
     0 | D        | Reached XP level 1. HP: 13/13 MP: 3/3
     4 | D        | Reached skill level 4 in Earth Magic
    43 | D        | Reached skill level 5 in Earth Magic
   326 | D        | Noticed an ogre
   326 | D        | Noticed an orc wizard
   326 | D        | Noticed an ogre
   326 | D        | Noticed a jelly
   344 | D        | Killed an ogre
   344 | D        | Reached skill level 5 in Spellcasting
   344 | D        | Reached skill level 9 in Earth Magic
   344 | D        | Reached XP level 2. HP: 19/19 MP: 1/8
   344 | D        | Reached XP level 3. HP: 24/24 MP: 1/9
   344 | D        | Reached XP level 4. HP: 30/30 MP: 1/11
   346 | D        | Reached XP level 5. HP: 35/35 MP: 0/13
   452 | D        | Reached skill level 10 in Earth Magic
   453 | D        | Killed an ogre
   453 | D        | Reached skill level 11 in Earth Magic
   453 | D        | Reached XP level 6. HP: 41/41 MP: 10/16
   471 | D        | Found a roughly hewn altar of Beogh.
   471 | D        | Found a snail-covered altar of Cheibriados.
   471 | D        | Found a shadowy altar of Dithmenos.
   471 | D        | Found a white marble altar of Elyvilon.
   471 | D        | Found a blossoming altar of Fedhas.
   471 | D        | Found an opulent altar of Gozag.
   472 | D        | Found a hazy altar of Hepliaklqana.
   473 | D        | Found a viscous altar of Jiyva.
   474 | D        | Found an ancient bone altar of Kikubaaqudgha.
   475 | D        | Found a corrupted altar of Lugonu.
   476 | D        | Found a burning altar of Makhleb.
   477 | D        | Found a sparkling altar of Nemelex Xobeh.
   478 | D        | Found an iron altar of Okawaru.
   479 | D        | Found a stormy altar of Qazlal.
   480 | D        | Found a sacrificial altar of Ru.
   481 | D        | Found a deep blue altar of Sif Muna.
   482 | D        | Found a bloodstained altar of Trog.
   483 | D        | Found a hide-covered altar of Uskayaw.
   484 | D        | Found a radiant altar of Vehumet.
   485 | D        | Found an ornate altar of the Wu Jian Council.
   486 | D        | Found a shimmering altar of Xom.
   487 | D        | Found a basalt altar of Yredelemnul.
   488 | D        | Found a glowing silver altar of Zin.
   489 | D        | Found a glowing golden altar of the Shining One.
   500 | D        | Became a worshipper of Vehumet
   505 | D        | Learned a level 3 spell: Stone Arrow
   510 | D        | Learned a level 4 spell: Petrify
   513 | D        | Learned a level 2 spell: Passwall
   549 | D        | Noticed a yak
   549 | D        | Noticed an orc warrior
   549 | D        | Noticed an orc warrior
   557 | D        | Killed a yak
   557 | D        | Reached skill level 12 in Earth Magic
   558 | D        | Reached XP level 7. HP: 34/46 MP: 4/18
   624 | D        | HP: 2/46 [orc warrior/short sword (7)]
   631 | D        | Reached * piety under Vehumet
   631 | D        | Offered knowledge of Shock by Vehumet.
   631 | D        | Reached skill level 13 in Earth Magic
   634 | D        | Slain by an orc warrior

Vault maps used:
D:        linesprint

Skill      XL: |  1  2  3  4  5  6  7 |
---------------+----------------------+-----
Earth Magic    | 9 11 12 13 | 13.3
Spellcasting   | 5 7 8 |  8.9
Dodging        | 2 3 |  3.8
Stealth        | |  2.4
Transmutations | |  1.1

Action                   |  1- 3 |  4- 6 |  7- 9 || total
-------------------------+-------+-------+-------++-------
Melee: Unarmed           |    11 |       |       ||    11
       Dagger            |     7 |       |       ||     7
 Cast: Sandblast         |    10 |     7 |     3 ||    20
       Stone Arrow       |       |     4 |     6 ||    10
       Petrify           |       |       |     2 ||     2
  Use: Potion            |     1 |       |     2 ||     3
Armor: Robe              |     2 |       |       ||     2
Dodge: Dodged            |    25 |     2 |     4 ||    31

Table legend:
 A = Spawn XP
 B = Non-spawn XP
 C = Spawn XP percentage of total XP
 D = Spawn monster count
 E = Non-spawn monster count
 F = Spawn count percentage of total count
 G = Total turns spent on level
                    A         B        C        D         E        F      G
               +---------+---------+-------+---------+---------+-------+---------
         Total |       0 |     655 |   0.0 |       0 |      14 |   0.0 |   634
               +---------+---------+-------+---------+---------+-------+---------
             D |       0 |     655 |   0.0 |       0 |      14 |   0.0 |   634
               +---------+---------+-------+---------+---------+-------+---------
